 Dungeon Crawl Stone Soup version 0.26-a0-812-g31a745ddcd (webtiles) character file.

Game seed: 7838428022717193113

869027 ANON1729 the Merfolkian Porcupine (level 27, -7/233 HPs)
             Began as a Merfolk Gladiator on Nov 14, 2020.
             Was a High Priest of Fedhas.
             Killed by an exploding ballistomycete spore (32 damage)
             ... created by a ballistomycete
             ... summoned by the player character
             ... on level 20 of a ziggurat on Nov 15, 2020.
             The game lasted 04:50:39 (99487 turns).

ANON1729 the Merfolkian Porcupine (MfGl)           Turns: 99487, Time: 04:50:40

Health: -7/233     AC: 24    Str: 32    XL:     27
Magic:  30/49      EV: 31    Int: 16    God:    Fedhas [*****.]
Gold:   7807       SH:  0    Dex: 21    Spells: 1/26 levels left

rFire    + . .     SeeInvis +   a - +9 trident (vamp)
rCold    . . .     Faith    +   O - +9 kite shield of the Land of Plenty {*Drain +Inv Str+7 Stlth-}
rNeg     . . .     Spirit   .   V - +3 scale mail "Raevemamm" {rPois Str+4 Int-3 Slay+3}
rPois    +         Reflect  .   c - +2 hood of the Assassin {Detection Stab+ Stlth++}
rElec    +         Harm     .   Q - +2 cloak {Stlth+}
rCorr    .         Rampage  .   u - +0 pair of fencer's gloves {Riposte Dex+3}
MR       +++..                  f - +2 pair of boots {Fly}
Stlth    ++........             R - amulet "Wiepnoet" {Faith MR+ Int-3 Dex+3 Slay+5}
HPRegen  0.00/turn              X - ring "Qiapiman" {Wiz *Contam rF+ Str+2 SInv}
MPRegen  0.31/turn              x - ring of Uskayaw's Envy {rElec MP+9 Int+8 Slay+4 Stlth-}

@: confused, flying, very slightly contaminated, studying Stealth
A: change form in water, swift swim, stealthy swim, icy blue scales 1, sense
surroundings 2, inhibited regeneration, weak 1, sturdy frame 1
}: 4/15 runes: decaying, serpentine, slimy, silver
a: Wall of Briars, Grow Ballistomycete, Overgrow, Grow Oklob, Renounce Religion,
Evoke Invisibility, Stop Flying


You were on level 20 of a ziggurat.
You worshipped Fedhas.
Fedhas was extremely pleased with you.
You visited 13 branches of the dungeon, and saw 59 of its levels.
You visited the Abyss 2 times.
You visited 1 ziggurat, and saw 20 of its levels.
You also visited: Trove and Gauntlet.

You collected 11170 gold pieces.
You spent 3363 gold pieces at shops.

Inventory:

Hand Weapons
 a - a +9 vampiric trident (weapon)
 b - the +4 trident of the Valley of Death {distort, Dex+5}
   (You took it off a spriggan rider on level 5 of the Lair of Beasts)

   It warps and distorts space around it.
   Unwielding it can cause banishment or high damage.
   It affects your dexterity (+5).
Missiles
 d - 11 throwing nets
 P - 29 silver javelins (quivered)
Armour
 c - the +2 hood of the Assassin (worn) {Detection Stab+ Stlth++}
   (You found it on level 8 of a ziggurat)

   It makes you much more stealthy.
 f - a +2 pair of boots of flying (worn)
 u - the +0 pair of fencer's gloves (worn) {Riposte Dex+3}
   (You acquired it on level 5 of the Vaults)

   It affects your dexterity (+3).
 H - a +2 cloak of magic resistance
 O - the +9 kite shield of the Land of Plenty (worn) {*Drain +Inv Str+7 Stlth-}
   (You found it on level 11 of the Dungeon)

   It affects your strength (+7).
   It lets you turn invisible.
   It causes draining when unequipped.
   It makes you less stealthy.
 Q - a +2 cloak of stealth (worn)
 V - the +3 scale mail "Raevemamm" (worn) {rPois Str+4 Int-3 Slay+3}
   (You found it on level 15 of the Dungeon)

   It affects your strength (+4).
   It affects your intelligence (-3).
   It affects your accuracy and damage with ranged weapons and melee attacks
   (+3).
   It protects you from poison.
Jewellery
 x - the ring of Uskayaw's Envy (right hand) {rElec MP+9 Int+8 Slay+4 Stlth-}
   (You found it on level 4 of the Vaults)

   [ring of slaying]

   It affects your intelligence (+8).
   It affects your accuracy and damage with ranged weapons and melee attacks
   (+4).
   It insulates you from electricity.
   It affects your magic capacity (+9).
   It makes you less stealthy.
 C - the ring of Abloz {+Blink rPois rF+ rC+ Stlth+}
   (You acquired it on level 5 of the Pits of Slime)

   [ring of protection from cold]

   It protects you from fire.
   It protects you from cold.
   It protects you from poison.
   It lets you blink.
   It makes you more stealthy.
 J - the ring of the Endless Expanse {rN+ rCorr Dex+5}
   (You found it on level 3 of the Crypt)

   [ring of resist corrosion]

   It affects your dexterity (+5).
   It protects you from negative energy.
   It provides partial protection from all sources of acid and corrosion.
 R - the amulet "Wiepnoet" (around neck) {Faith MR+ Int-3 Dex+3 Slay+5}
   (You bought it in a shop on level 1 of the Elven Halls)

   [amulet of faith]

   It allows you to gain divine favour quickly.
   It affects your intelligence (-3).
   It affects your dexterity (+3).
   It affects your accuracy and damage with ranged weapons and melee attacks
   (+5).
   It affects your resistance to hostile enchantments.
 X - the ring "Qiapiman" (left hand) {Wiz *Contam rF+ Str+2 SInv}
   (You bought it in a shop on level 1 of the Depths)

   [ring of wizardry]

   It improves your spell success rate.
   It affects your strength (+2).
   It protects you from fire.
   It lets you see invisible.
   It causes magical contamination when unequipped.
Wands
 l - a wand of polymorph (51)
 s - a wand of enslavement (19)
 y - a wand of digging (13)
 G - a wand of acid (40)
 I - a wand of iceblast (61)
 M - a wand of paralysis (68)
Scrolls
 e - 6 scrolls of identify
 g - 39 scrolls of teleportation
 h - 12 scrolls of enchant weapon
 j - 5 scrolls of holy word
 k - 7 scrolls of amnesia
 n - 5 scrolls of fog
 q - 9 scrolls of immolation
 t - 8 scrolls of blinking
 v - 49 scrolls of remove curse
 E - 17 scrolls of magic mapping
 L - 4 scrolls of vulnerability
 N - 7 scrolls of summoning
 Y - 15 scrolls of fear
 Z - 4 scrolls of silence
Potions
 i - 23 potions of curing
 m - 8 potions of haste
 p - 6 potions of berserk rage
 w - a potion of cancellation
 z - 11 potions of brilliance
 B - 4 potions of resistance
 F - 8 potions of mutation
 T - 12 potions of might
 U - 4 potions of ambrosia
Books
 o - a manual of Stealth
Miscellaneous
 K - a tin of tremorstones (2/2)
 S - a condenser vane
 W - a box of beasts


   Skills:
 - Level 22.9 Fighting
 O Level 27 Polearms
 - Level 21.0 Throwing
 * Level 11.6 Armour
 - Level 23.2 Dodging
 * Level 18.4 Stealth
 - Level 20.9 Shields
 * Level 10.4 Necromancy
 + Level 18.1 Transmutations
 - Level 18.3 Ice Magic
 - Level 3.0 Air Magic
 - Level 3.0 Earth Magic
 - Level 26.0 Invocations
 + Level 18.1 Evocations


You had one spell level left.
You knew the following spells:

 Your Spells              Type           Power        Failure   Level
a - Wereblood             Tmut           ######..     1%          2
b - Ice Form              Ice/Tmut       ######..     1%          4
c - Passwall              Tmut/Erth      ####....     1%          2
d - Swiftness             Air            #.......     6%          2
e - Necromutation         Tmut/Necr      #####.....   92%         8
f - Ignite Poison         Fire/Tmut/Pois ###.....     3%          3
g - Passage of Golubria   Tloc           N/A          77%         4

Your spell library contained the following spells:

 Spells                   Type           Power        Failure   Level
 Beastly Appendage        Tmut           ######       0%          1
 Animate Skeleton         Necr           ####..       1%          1
 Pain                     Necr           ####         1%          1
 Sting                    Tmut/Pois      ####         1%          1
 Sandblast                Erth           #.....       4%          1
 Foxfire                  Conj/Fire      #...         14%         1
 Magic Dart               Conj           #...         14%         1
 Summon Small Mammal      Summ           #...         14%         1
 Corpse Rot               Necr/Air       N/A          1%          2
 Sublimation of Blood     Necr           ####......   1%          2
 Frozen Ramparts          Ice            ######       1%          3
 Spider Form              Tmut/Pois      ####......   1%          3
 Vampiric Draining        Necr           ####......   1%          3
 Animate Dead             Necr           ####......   1%          4
 Dispel Undead            Necr           ####....     1%          4
 Petrify                  Tmut/Erth      ####....     1%          4
 Blade Hands              Tmut           ######....   1%          5
 Hydra Form               Tmut           ######....   1%          6
 Ozocubu's Refrigeration  Ice            ######....   1%          6
 Summon Ice Beast         Ice/Summ       ####....     3%          4
 Agony                    Necr           ####....     6%          5
 Excruciating Wounds      Necr           ####......   6%          5
 Simulacrum               Ice/Necr       #####.....   6%          6
 Dragon Form              Tmut           ######....   8%          7
 Metabolic Englaciation   Hex/Ice        ####......   9%          5
 Alistair's Intoxication  Tmut/Pois      ####.....    10%         5
 Irradiate                Conj/Tmut      ####......   10%         5
 Yara's Violent Unravell  Hex/Tmut       ####......   10%         5
 Poisonous Vapours        Pois/Air       #.....       12%         2
 Blink                    Tloc           N/A          21%         2
 Call Imp                 Summ           #.......     21%         2
 Searing Ray              Conj           #.....       21%         2
 Slow                     Hex            #.......     21%         2
 Static Discharge         Conj/Air       #.......     22%         3
 Stone Arrow              Conj/Erth      #.....       22%         3
 Mephitic Cloud           Conj/Pois/Air  #.......     26%         3
 Borgnjor's Vile Clutch   Necr/Erth      ###.......   26%         5
 Death Channel            Necr           ####......   28%         6
 Statue Form              Tmut/Erth      ####.....    28%         6
 Call Canine Familiar     Summ           #.......     38%         3
 Confusing Touch          Hex            #.......     38%         3
 Conjure Flame            Conj/Fire      #.......     38%         3
 Dazzling Flash           Conj/Hex       #.....       38%         3
 Gell's Gravitas          Tloc           #.........   38%         3
 Lesser Beckoning         Tloc           #.........   38%         3
 Summon Guardian Golem    Hex/Summ       #.......     38%         3
 Teleport Other           Tloc           #.......     38%         3
 Eringya's Noxious Bog    Tmut/Pois      ####......   45%         6
 Leda's Liquefaction      Hex/Erth       #.........   56%         4
 Summon Lightning Spire   Summ/Air       #.......     56%         4
 Lee's Rapid Deconstruct  Erth           #.........   71%         5
 Freezing Cloud           Conj/Ice/Air   ###.......   71%         6
 Cause Fear               Hex            #.........   77%         4
 Iskenderun's Mystic Bla  Conj/Tloc      #.......     77%         4
 Olgreb's Toxic Radiance  Pois           #.......     77%         4
 Sticky Flame             Conj/Fire      #.......     77%         4
 Lightning Bolt           Conj/Air       #.........   88%         5
 Silence                  Hex/Air        #.........   88%         5
 Bolt of Magma            Conj/Fire/Erth #.........   92%         5
 Fireball                 Conj/Fire      #.........   98%         5
 Summon Demon             Summ           #.........   98%         5
 Summon Forest            Summ/Tloc      #.........   98%         5
 Summon Mana Viper        Hex/Summ       #.......     98%         5
 Conjure Ball Lightning   Conj/Air       #.........   100%        6
 Invisibility             Hex            #.......     100%        6
 Iron Shot                Conj/Erth      #.........   100%        6
 Shadow Creatures         Summ           N/A          100%        6
 Starburst                Conj/Fire      #.........   100%        6
 Haunt                    Necr/Summ      ###.......   100%        7
 Malign Gateway           Summ/Tloc      #.........   100%        7
 Monstrous Menagerie      Summ           #.........   100%        7
Recall N/A 100% 7
 Spellforged Servitor     Conj/Summ      #.........   100%        7
 Summon Greater Demon     Summ           #.........   100%        7
 Summon Hydra             Summ           #.........   100%        7
 Borgnjor's Revivificati  Necr           ####......   100%        8
 Discord                  Hex            #.........   100%        8
 Ignition                 Fire           #.........   100%        8
 Infestation              Necr           ####......   100%        8
 Summon Horrible Things   Summ           #.........   100%        8
 Death's Door             Necr           ####......   100%        9
 Dragon's Call            Summ           #.........   100%        9
 Shatter                  Erth           #.........   100%        9
 Tornado                  Air            #.........   100%        9


Dungeon Overview and Level Annotations

Branches:
Dungeon (15/15)            Temple (1/1) D:4            Lair (6/6) D:10
  Swamp (4/4) Lair:3        Snake (4/4) Lair:3        Slime (5/5) Lair:5
    Orc (2/2) D:12            Elf (3/3) Orc:2        Vaults (5/5) D:14
  Crypt (3/3) Vaults:2       Tomb (0/3) Crypt:3      Depths (5/5) D:15
   Hell (visited)             Dis (0/7) Hell            Geh (0/7) Hell
    Coc (0/7) Hell            Tar (0/7) Hell            Zot (5/5) Depths:5
Gauntlet (visited)

Altars:
Ashenzari
Cheibriados
Dithmenos
Elyvilon
Fedhas
Gozag
Hepliaklqana
Kikubaaqudgha
Makhleb
Nemelex Xobeh
Okawaru
Qazlal
Ru
Sif Muna
Trog
Uskayaw
Vehumet
Wu Jian
Xom
Yredelemnul
Zin
The Shining One
Jiyva
Lugonu

Shops:
D:5 :   D:10 [   Orc:1 ?   Orc:2 [=**[!*   Elf:1 *[*=   Vaults:1 *   Vaults:3 [
Depths:1 }=}   Depths:3 :

Portals:
Hell: Depths:1 Depths:2 Depths:3 Depths:4 Depths:5
Abyss: Lair:5 Depths:4 Depths:5
Pandemonium: Depths:1 Depths:2 Depths:3

Annotations:
Slime:5 Royal Jelly
Elf:2 5 runed translucent doors
Depths:5 2 transporters, tensugalgo's ghost, veteran VSFi
Abyss:1 Geryon


Innate Abilities, Weirdness & Mutations

You revert to your normal form in water.
You are very nimble and swift while swimming.
You are very stealthy in the water. (Stealth+)
You are partially covered in icy blue scales. (AC +2)
You passively map the area around you.
You do not regenerate when monsters are visible.
You are weak. (Str -2)
Your movements are slightly less encumbered by armour. (ER -2)


Message History

A ballistomycete spore comes into view.
You feel better.
Your ballistomycete spore explodes!
The juggernaut appears confused.
The explosion of spores engulfs the juggernaut!!!
The juggernaut is heavily wounded.
The stone giant throws a large rock.
The large rock hits your ballistomycete spore!!
Your ballistomycete spore explodes!
Fedhas protects your plant from harm.
The stone giant appears confused.
The explosion of spores engulfs the stone giant!!!
You kill the stone giant!
Fedhas accepts your kill.
You have finished your manual of Armour and toss it away.
Fedhas protects your plant from harm. The explosion of spores engulfs you!!
You are confused.
You die...
Fedhas appreciates your contribution to the ecosystem.

......................▓
....{.C.(C............▓
....C§C...............▓▓
.C(C.CC§.†..........∩..▓
.C..C{§§(CC....)......▓▓
....{.§CCC............▓
........).)().........▓
........(C).)†C.P.....▓
...........)†PPP@....▓▓
#...........#C#......▓
..............()....▓▓
*, ,.....#.#.....▓ ,,
............▓▓ ,, ,
...........▓▓ , ,
.........▓▓▓ ,........▓▓
, ,, ....▓▓▓


You could see 2 iron giants, a juggernaut (confused), a titan, 2 stone giants, a
cyclops, 2 friendly oklob plants and 3 friendly ballistomycetes.

Vanquished Creatures
  Dissolution (Slime:4)
  4 ancient liches
  6 orbs of fire
  12 juggernauts
  5 Killer Klowns
  3 shard shrikes (Zig:13)
  Frederick (Crypt:3)
  the Lernaean hydra (Swamp:4)
  2 curse toes (Zot:4)
  Nikola (Swamp:2)
  20 golden dragons
  Jory (Crypt:3)
  3 bone dragons
  A Tzitzimitl (Zig:18)
  A Brimstone Fiend (Zig:18)
  2 electric golems
  2 hellephants (Vaults:2)
  Rupert (D:15)
  An Ice Fiend (Zig:18)
  Jorgrun (Elf:1)
  30 tentacled monstrosities
  3 Hell Sentinels
  7 liches
  A deep elf blademaster (Zig:4)
  7 pandemonium lords
  9 titans
  4 deep elf master archers
  24 Orb Guardians (Zot:5)
  3 quicksilver dragons (Zot:2)
  An Executioner (Zig:18)
  An ancient champion (Crypt:2)
  4 tentacled starspawn
  24 acid blobs
  7 death cobs
  Agnes (Elf:1)
  13 storm dragons
  The ghost of ohados the Severer, an adept HOFi of Beogh (Snake:2)
  9 sphinxes
  10 tengu reavers
  7 shadow dragons
  6 draconian monks
  Kirke (Elf:1)
  Donald (Elf:3)
  A fire giant (shapeshifter) (Zig:19)
  14 azure jellies
  2 blood saints (Zig:18)
  3 revenants
  8 nagarajas
  15 fire giants
  8 frost giants
  4 draconian knights
  8 deep elf sorcerers
  3 cacodemons (Zig:18)
  6 draconian scorchers
  Aizul (Snake:3)
  2 curse skulls
  16 vault wardens
  A juggernaut zombie (Zig:13)
  2 ghost moths (Zot:3)
  2 iron dragons
  17 ironheart preservers
  2 balrugs
  8 ghouls
  5 draconian stormcallers
  3 warmongers (Zig:18)
  12 deep elf elementalists
  3 orc warlords (Zig:14)
  3 draconian shifters (Zot:1)
  13 very ugly things
  An emperor scorpion (shapeshifter) (Zig:19)
  A spriggan defender (Depths:4)
  5 reapers
  6 war gargoyles
  10 draconian annihilators
  A vampire knight (Crypt:2)
  4 stone giants (shapeshifter) (Zig:19)
  33 stone giants
  3 entropy weavers
  A bunyip (shapeshifter) (Zig:11)
  12 green draconians
  11 red draconians
  The ghost of Necrophagist the Fighter, a journeyman FoBe of Trog (Lair:5)
  A lorocyproca (Zig:18)
  11 purple draconians
  15 black draconians
  6 deep elf demonologists
  A spark wasp (Depths:4)
  10 yellow draconians
  6 bunyips
  A spark wasp (shapeshifter) (Depths:3)
  10 deep elf annihilators
  3 corrupters (Zig:18)
  11 white draconians
  9 jiangshi
  9 deep elf death magi
  7 eidola (Crypt:3)
  4 merfolk javelineers
  4 eleionomae
  15 ettins
  5 death oozes
  Snorg (Orc:1)
  A kraken zombie (Hell)
  A green death (Zig:18)
  3 blizzard demons (Zig:13)
  A quicksilver dragon zombie (Crypt:1)
  16 naga warriors
  10 great orbs of eyes
  19 yaktaur captains
  9 deep elf high priests
  30 vault guards
  Fannar (Orc:1)
  20 hydras
  7 fire dragons
  Harold (D:9)
  A hell beast (Zig:18)
  14 ice dragons
  12 boulder beetles
  3 catoblepae (Lair:6)
  Erolcha (D:11)
  4 ghost crabs
  11 centaur warriors
  4 rakshasas
  71 two-headed ogres
  21 ogre magi
  Erica (D:10)
  6 tengu warriors
  4 spriggan air magi
  9 anacondas
  3 satyrs (Zig:17)
  17 dancing weapons
  11 deep troll earth magi
  14 alligators
  9 deep troll shamans
  7 death knights
  A death yak (shapeshifter) (Vaults:5)
  4 orc high priests
  10 death yaks
  A death scarab (Zig:10)
  19 naga sharpshooters
  A hell hog (Hell)
  4 titan zombies
  7 vampire magi
  8 shock serpents
  15 thrashing horrors
  Urug (D:11)
  3 spriggan berserkers (Depths:5)
  9 sun demons
  2 wretched stars (Abyss:5)
  An iron golem (Hell)
  6 goliath frogs
  A shock serpent (shapeshifter) (Zig:19)
  14 deep elf knights
  22 hell knights
  6 iron trolls
  25 skeletal warriors
  A titan skeleton (Depths:1)
  3 salamander mystics
  A fire crab (Gauntlet)
  4 soul eaters
  A spark wasp zombie (Zig:13)
  5 sea snakes (Snake:2)
  2 spatial maelstroms (Zig:11)
  2 shadow wraiths
  A storm dragon skeleton (Zig:15)
  37 deep trolls
  3 sixfirhies
  2 golden dragon zombies
  9 glowing orange brains
  3 spriggan druids
  5 flayed ghosts
  A glowing orange brain (shapeshifter) (Lair:5)
  2 anaconda zombies
  3 tengu zombies
  18 naga ritualists
  6 wizards
  6 swamp dragons
  Pikel (D:6)
  2 obsidian statues
  2 orange crystal statues (Zig:14)
  2 unseen horrors
  12 bog bodies
  A lindwurm (shapeshifter) (Depths:4)
  17 phantasmal warriors
  9 orc knights
  A harpy (shapeshifter) (Vaults:4)
  A sphinx zombie (Zig:13)
  A shadow dragon zombie (Zig:15)
  2 iron dragon zombies
  21 deep elf archers
  4 wolf spider zombies
  14 necromancers
  24 ironbrand convokers
  2 anaconda skeletons
  A frost giant zombie (Depths:2)
  A harpy (Zig:12)
  75 deep elf magi
  28 ugly things
  11 cyclopes
  5 manticores
  2 fauns (Zig:17)
  8 shining eyes
  A shining eye (shapeshifter) (Zig:9)
  6 wolf spiders
  2 fire giant zombies
  16 mana vipers
  A cyclops (shapeshifter) (Zig:19)
  5 orc sorcerers
  The ghost of Perttuleena the Covert, a novice OpBr (D:6)
  A sphinx skeleton (Crypt:2)
  34 moths of wrath
  A moth of wrath (shapeshifter) (Vaults:5)
  2 stone giant zombies
  2 fire giant skeletons
  11 salamanders
  Maurice (D:9)
  2 will-o-the-wisps
  2 black mambas (shapeshifter)
  7 rust devils
  A stone giant skeleton (Depths:1)
  2 ice statues (Zig:14)
  5 apocalypse crabs
  17 vault sentinels
  A torpor snail (shapeshifter) (Zig:12)
  5 guardian serpents
  4 molten gargoyles
  A guardian serpent (shapeshifter) (Vaults:5)
  6 elephants (Lair:6)
  Maggie (D:9)
  3 eyes of devastation
  3 orange demons
  5 smoke demons
  16 cane toads
  5 gargoyles
  23 naga magi
  49 black mambas
  7 small abominations
  3 efreet
  49 yaktaurs
  16 freezing wraiths
  A rime drake (shapeshifter) (Vaults:4)
  5 rime drakes
  A dire elephant skeleton (Crypt:1)
  A kobold demonologist (D:15)
  4 hellions
  6 komodo dragons
  2 yaktaurs (shapeshifter)
  A demonic crawler (Abyss:5)
  An anaconda simulacrum (Hell)
  7 tormentors
  A guardian mummy (Zig:10)
  5 tengu conjurers
  3 red devils
  A harpy zombie (Crypt:1)
  A hydra zombie (Hell)
  3 hellwings
  6 jumping spiders
  A queen bee (shapeshifter) (Vaults:5)
  A jumping spider (shapeshifter) (Vaults:2)
  A merfolk (shapeshifter) (Depths:3)
  A meliai (shapeshifter) (Depths:4)
  2 spriggan skeletons
  14 ice devils
  7 trolls
  5 ancient zymes
  A polar bear (shapeshifter) (Depths:1)
  3 meliai (D:13)
  11 hornets
  10 raiju
  12 tyrant leeches
  A hornet (shapeshifter) (Vaults:4)
  4 spriggan zombies
  13 blink frogs
  5 polar bears
  A dream sheep (shapeshifter) (Zig:12)
  11 dream sheep
  5 ettin zombies
  104 slime creatures
  An alligator zombie (Crypt:3)
  A fire dragon zombie (Crypt:3)
  5 spriggans
  6 flying skulls (Crypt:2)
  An ice dragon skeleton (Depths:1)
  A shadow (Crypt:3)
  6 redbacks
  A redback (shapeshifter) (Zig:19)
  A tarantella (Orc:1)
  46 starcursed masses
  A wyvern (shapeshifter) (Vaults:3)
  A fire dragon skeleton (Crypt:1)
  A vampire (Abyss:5)
  3 wyverns
  4 ynoxinuls
  2 air elementals (Abyss:5)
  2 basilisks
  11 water elementals
  28 fire elementals
  13 wraiths
  2 humans (shapeshifter)
  12 fire bats
  4 chaos spawn
  36 yaks
  3 neqoxecs
  5 golden eyes
  14 vampire mosquitoes
  4 wargs
  14 swamp worms
  64 nagas
  A soldier ant (shapeshifter) (Vaults:5)
  4 insubstantial wisps
  A deep troll zombie (Crypt:1)
  18 water moccasins
  17 large abominations
  2 acid dragons
  2 cane toad zombies (Hell)
  12 hell hounds
  3 human zombies
  An orb spider zombie (Crypt:1)
  2 floating eyes
  6 sky beasts
  2 hornet zombies
  3 swamp drakes (Swamp:4)
  A black bear (D:7)
  An eye of draining (shapeshifter) (Vaults:4)
  9 ice beasts
  13 necrophages
  42 orc warriors
  4 elf zombies
  8 eyes of draining
  5 phantoms
  16 wolves
  24 centaurs
  66 ogres
  9 boggarts
  2 lemures (D:6)
  A centaur (shapeshifter) (Depths:1)
  5 big kobolds
  A draconian zombie (Crypt:2)
  17 bullfrogs
  8 gnoll sergeants
  A human skeleton (Vaults:3)
  6 earth elementals
  A deep troll simulacrum (Vaults:2)
  2 human simulacra
  3 cane toad simulacra
  2 scorpions
  8 wyvern skeletons
  A wyvern zombie (D:9)
  An elf simulacrum (Vaults:2)
  A yak zombie (Crypt:2)
  3 killer bees (D:11)
  25 wights
  A howler monkey (D:13)
  7 electric eels (D:10)
  6 crimson imps (Depths:4)
  4 lava snakes (D:13)
  A bullfrog zombie (D:9)
  8 centaur zombies
  A basilisk zombie (Crypt:2)
  18 orc priests
  4 jellies
  22 orc wizards
  2 bullfrog skeletons
  5 gnoll shamans
  14 hounds
  6 centaur skeletons
  9 iron imps
  Crazy Yiuf (D:6)
  5 iguanas
  12 hell rats
  4 lightning spires (Zig:17)
  15 worker ants
  An ogre zombie (Crypt:3)
  A naga zombie (Crypt:3)
  A tengu skeleton (Crypt:1)
  A hound skeleton (D:6)
  A hound zombie (D:10)
  A naga skeleton (Crypt:1)
  A mummy (Crypt:3)
  A howler monkey zombie (D:7)
  2 worker ant zombies
  14 adders
  43 gnolls
  A howler monkey skeleton (Crypt:2)
  5 shadow imps
  5 white imps
  3 ufetubi
  2 oozes
  2 adder skeletons
  A lava snake skeleton (Crypt:2)
  3 worms
  3 dart slugs
  10 leopard geckos
  87 orcs
  9 bats
  5 giant cockroaches
  14 goblins
  9 hobgoblins
  17 jackals
  35 kobolds
  8 quokkas
  3 frilled lizards
  A goblin skeleton (Crypt:2)
  A jackal skeleton (D:4)
  A kobold zombie (Crypt:3)
  2 leopard gecko skeletons
  An orc skeleton (Crypt:1)
  3 quokka skeletons
  11 rats
  A ballistomycete spore (Lair:2)
  7 crawling corpses
  3 fire vortices (Zig:19)
  A lurking horror (Abyss:5)
  3 starspawn tentacles
  5 tentacles (Hell)
3193 creatures vanquished.

Vanquished Creatures (collateral kills)
  2 pandemonium lords (Zig:19)
  4 orbs of fire (Zot:5)
  3 Killer Klowns
  2 curse toes
  2 electric golems (Zot:5)
  An iron giant (Zig:20)
  A Brimstone Fiend (Zig:19)
  3 tentacled monstrosities
  An Orb Guardian (Zot:5)
  A titan (Zig:20)
  2 tengu reavers
  2 storm dragons
  2 shadow dragons
  A draconian knight (Zot:5)
  A deep elf sorcerer (Elf:3)
  2 cacodemons
  A large abomination (Elf:3)
  A draconian annihilator (Zot:5)
  A deep elf elementalist (Elf:3)
  A blood saint (Zig:18)
  2 black draconians
  2 deep elf annihilators (Elf:3)
  A black sun (Zig:18)
  A minotaur (Gauntlet)
  A yellow draconian (Zot:1)
  2 blizzard demons (Zig:18)
  4 deep elf death magi
  A small abomination (Vaults:5)
  Josephine (D:15)
  A mummy priest (Crypt:3)
  A deep elf high priest (Elf:3)
  An ice dragon (D:11)
  2 hydras
  A hell beast (Zig:18)
  3 thrashing horrors
  Nergalle (Lair:4)
  A hell knight (D:15)
  A deep troll (Vaults:5)
  A swamp dragon (Swamp:4)
  A sphinx zombie (Zig:15)
  A deep elf archer (Elf:3)
  2 deep elf magi
  A will-o-the-wisp (Swamp:4)
  A moth of wrath (Zot:3)
  A centaur zombie (D:15)
  2 orange demons (Zig:18)
  A vault sentinel (Zig:9)
  An apocalypse crab (Zig:19)
  A rime drake (D:11)
  A yaktaur (Vaults:5)
  2 polar bears (Lair:5)
  A red devil (Zig:18)
  2 blink frogs (Lair:5)
  6 dream sheep
  A flying skull (Zig:10)
  A spriggan (Depths:5)
  A ynoxinul (Zig:11)
  An elf zombie (Zig:15)
  3 wraiths (D:15)
  A fire elemental (Elf:3)
  6 yaks (Lair:4)
  A golden eye (Abyss:5)
  A chaos spawn (Zig:11)
  A swamp worm (Swamp:4)
  2 swamp drakes (Swamp:4)
  An ice beast (D:11)
  3 starcursed masses (Zig:11)
  A mummy (Crypt:3)
  An orc (D:11)
  A giant cockroach (shapeshifter) (Vaults:5)
  104 ballistomycete spores
  4 crawling corpses
  A fire vortex (Zig:19)
  A starspawn tentacle (Zig:11)
222 creatures vanquished.

Vanquished Creatures (others)
  A pandemonium lord (Zig:19)
  The ghost of Pyrtan the Earth Mage, a veteran GrEE of Vehumet (Snake:2)
  A quicksilver dragon (Depths:3)
  An Executioner (Zig:18)
  A draconian scorcher (Zot:4)
  A deep elf elementalist (Vaults:5)
  A draconian stormcaller (Zot:4)
  A stone giant (Zig:17)
  A green draconian (Zot:5)
  A red draconian (Zot:3)
  3 centaur warriors (Zig:17)
  2 satyrs (Zig:17)
  An orc high priest (Zig:14)
  A deep elf knight (Elf:3)
  A sun demon (Hell)
  A sixfirhy (Zig:18)
  A flayed ghost (Depths:3)
  2 phantasmal warriors
  An unseen horror (D:13)
  An ironbrand convoker (Zig:12)
  2 deep elf magi
  A faun (Zig:17)
  5 oklob plants
  A wolf spider (Zig:12)
  A black mamba (Snake:2)
  A naga mage (Snake:4)
  A rime drake (Lair:5)
  A cane toad (Lair:5)
  A yaktaur (Vaults:5)
  5 humans (Elf:1)
  3 nagas
  A necrophage (Crypt:2)
  2 ogres (Vaults:1)
  A centaur (Zig:17)
  A water moccasin skeleton (Crypt:1)
  2 orcs
  A jackal (D:8)
  8 ballistomycete spores
  A bush (Lair:3)
  A fire vortex (Zig:19)
  2 foxfires (Swamp:4)
  25 fungi
  48 plants
  4 starspawn tentacles
  6 tentacles (Hell)
  11 withered plants
160 creatures vanquished.

Grand Total: 3575 creatures vanquished

Notes
Turn   | Place    | Note
-------+----------+-------------------------------------------
     0 | D:1      | ANON1729 the Merfolk Gladiator began the quest for the Orb.
     0 | D:1      | Reached XP level 1. HP: 16/16 MP: 1/1
   157 | D:1      | Reached XP level 2. HP: 19/23 MP: 2/2
   577 | D:1      | Reached XP level 3. HP: 26/28 MP: 3/3
  1151 | D:2      | Reached skill level 5 in Polearms
  1205 | D:2      | Reached XP level 4. HP: 35/35 MP: 4/4
  1426 | D:2      | Found a shadowy altar of Dithmenos.
  1921 | D:2      | Noticed a sky beast
  2127 | D:2      | Found a radiant altar of Vehumet.
  2127 | D:2      | Found a sparkling altar of Nemelex Xobeh.
  2568 | D:2      | Reached skill level 5 in Dodging
  3200 | D:3      | Reached XP level 5. HP: 35/41 MP: 5/5
  3434 | D:3      | HP: 1/41 [orc priest/divine providence (15)]
  3922 | D:3      | Reached skill level 6 in Polearms
  4298 | D:3      | Reached XP level 6. HP: 39/48 MP: 6/6
  5188 | D:4      | Reached skill level 7 in Polearms
  5188 | D:4      | Reached XP level 7. HP: 55/55 MP: 7/7
  5201 | D:4      | Got a pitted short sword
  5243 | D:3      | Identified the +7 short sword "Oto Ties" {vorpal, Str-3
                  | Dex+5} (You found it on level 4 of the Dungeon)
  5249 | D:4      | Reached skill level 5 in Fighting
  5420 | D:4      | Found a broken altar of Ashenzari.
  5562 | D:4      | Found a staircase to the Ecumenical Temple.
  5571 | Temple   | Entered the Ecumenical Temple
  5777 | Temple   | Became a worshipper of Fedhas Madash
  5840 | D:4      | Reached skill level 1 in Invocations
  5964 | D:4      | Found a glowing silver altar of Zin.
  5965 | D:4      | Found an opulent altar of Gozag.
  6060 | D:5      | Entered Level 5 of the Dungeon
  6572 | D:5      | Reached skill level 8 in Polearms
  6572 | D:5      | Reached XP level 8. HP: 54/63 MP: 8/10
  6701 | D:5      | Found Pyenn's Book Shop.
  6799 | D:5      | Found a white marble altar of Elyvilon.
  7298 | D:5      | Found a glowing golden altar of the Shining One.
  7470 | D:6      | Reached * piety under Fedhas
  7641 | D:6      | Noticed Perttuleena's ghost (novice OpBr)
  7647 | D:6      | Noticed a yaktaur
  7662 | D:6      | Found a runed translucent gate.
  7662 | D:6      | Found a runed translucent gate.
  7662 | D:6      | Found a runed translucent gate.
  8143 | D:6      | Found a runed translucent door.
  8144 | D:6      | Noticed Crazy Yiuf
  8241 | D:6      | Noticed Pikel
  8260 | D:6      | Killed Pikel
  8260 | D:6      | Reached skill level 9 in Polearms
  8260 | D:6      | Reached skill level 5 in Invocations
  8260 | D:6      | Reached XP level 9. HP: 36/71 MP: 11/13
  8675 | D:6      | Found a stormy altar of Qazlal.
  8760 | D:6      | Killed Crazy Yiuf
  9609 | D:7      | Reached ** piety under Fedhas
 10046 | D:7      | Reached skill level 10 in Polearms
 11288 | D:8      | Reached XP level 10. HP: 57/79 MP: 15/15
 11552 | D:8      | Reached *** piety under Fedhas
 11676 | D:8      | Paralysed by a wight for 2 turns
 13004 | D:9      | Reached skill level 10 in Dodging
 13213 | D:9      | Noticed Maurice
 13234 | D:9      | Killed Maurice
 13379 | D:9      | Noticed Harold
 13429 | D:9      | Killed Harold
 13429 | D:9      | Reached skill level 11 in Polearms
 13453 | D:9      | Reached **** piety under Fedhas
 14114 | D:9      | Noticed Maggie
 14133 | D:9      | Killed Maggie
 14552 | D:9      | Found an opulent altar of Gozag.
 14686 | D:10     | Entered Level 10 of the Dungeon
 14686 | D:10     | Noticed a green ugly thing
 14967 | D:10     | Reached skill level 10 in Invocations
 14967 | D:10     | Reached XP level 11. HP: 82/87 MP: 18/18
 15483 | D:10     | Reached ***** piety under Fedhas
 15484 | D:10     | Noticed Erica
 15716 | D:10     | Killed Erica
 16216 | D:10     | Reached skill level 12 in Polearms
 16508 | D:10     | Killed a green ugly thing
 17005 | D:10     | Identified 2 scrolls of acquirement
 17019 | D:10     | Acquired a manual of Polearms
 17021 | D:10     | Acquired a manual of Fighting
 17035 | D:10     | Found Seju's Distillery.
 17043 | D:10     | Bought a potion of lignification for 36 gold pieces
 17043 | D:10     | Bought a potion of might for 48 gold pieces
 17043 | D:10     | Bought a potion of haste for 120 gold pieces
 17043 | D:10     | Bought a potion of mutation for 96 gold pieces
 17043 | D:10     | Bought a potion of curing for 36 gold pieces
 17043 | D:10     | Bought a potion of berserk rage for 60 gold pieces
 17043 | D:10     | Bought a potion of curing for 36 gold pieces
 17078 | D:10     | Found Biac's Antique Armour Shop.
 17354 | D:10     | Acquired a manual of Throwing
 17493 | D:10     | Found a staircase to the Lair.
 17689 | Lair:1   | Entered Level 1 of the Lair of Beasts
 18463 | Lair:2   | Reached skill level 10 in Fighting
 18696 | Lair:2   | Reached skill level 13 in Polearms
 19408 | Lair:2   | Noticed a boulder beetle
 19427 | Lair:2   | Killed a boulder beetle
 19427 | Lair:2   | Reached skill level 5 in Throwing
 19427 | Lair:2   | Reached XP level 12. HP: 20/98 MP: 17/20
 20112 | Lair:3   | Found a staircase to the Swamp.
 20237 | Lair:3   | Noticed a six-headed hydra
 20301 | Lair:3   | Reached skill level 1 in Evocations
 20577 | Lair:3   | Reached skill level 14 in Polearms
 21084 | Lair:3   | Found a staircase to the Snake Pit.
 21393 | Lair:3   | Killed a six-headed hydra
 21632 | Lair:4   | Reached ****** piety under Fedhas
 21960 | Lair:4   | Noticed Nergalle
 21964 | Lair:4   | HP: 2/100 [Nergalle/bolt of negative energy (26)]
 21969 | Lair:4   | Killed Nergalle
 22413 | Lair:4   | Reached XP level 13. HP: 107/107 MP: 22/22
 22597 | Lair:4   | Reached skill level 15 in Polearms
 22870 | Lair:5   | Found a transporter.
 22875 | Lair:5   | Identified the +4 trident of the Valley of Death {distort,
                  | Dex+5}
 22893 | Lair:5   | Found a staircase to the Slime Pits.
 23057 | Lair:5   | Noticed Necrophagist's ghost (journeyman FoBe)
 23065 | Lair:5   | HP: 5/108 [cane toad (13)]
 23092 | Lair:5   | Noticed a cacodemon
 23335 | Lair:5   | Noticed a fire dragon
 23335 | Lair:5   | a six-headed hydra changed into a fire dragon
 23875 | Lair:5   | Reached skill level 16 in Polearms
 24546 | Lair:5   | Identified the Handbook of Destructive Sinister Rituals
 24764 | Lair:5   | Noticed a spark wasp
 24858 | Lair:5   | Found a transporter.
 24872 | Lair:5   | Found a one-way gate to the infinite horrors of the Abyss.
 25044 | Lair:6   | Entered Level 6 of the Lair of Beasts
 26016 | Lair:6   | Reached skill level 5 in Evocations
 26016 | Lair:6   | Reached XP level 14. HP: 118/118 MP: 24/24
 26169 | Lair:6   | Reached skill level 17 in Polearms
 26399 | Lair:6   | Reached skill level 10 in Throwing
 28971 | D:11     | Reached skill level 18 in Polearms
 29149 | D:11     | Got a smoking kite shield
 29205 | D:11     | Noticed Urug
 29213 | D:11     | Killed Urug
 29686 | D:11     | Got the broad axe "Jimpoipepn" {freeze}
 29687 | D:11     | Identified the +3 broad axe "Jimpoipepn" {freeze, rN+
                  | Dex+2} (You found it on level 11 of the Dungeon)
 29707 | D:11     | Identified the +9 kite shield of the Land of Plenty {*Drain
                  | +Inv Str+7 Stlth-} (You found it on level 11 of the
                  | Dungeon)
 29818 | D:11     | Noticed Erolcha
 29826 | D:11     | Killed Erolcha
 31133 | D:12     | Reached skill level 1 in Shields
 31232 | D:12     | Found a staircase to the Orcish Mines.
 31938 | D:12     | Learned a level 2 spell: Wereblood
 32092 | D:13     | Reached XP level 15. HP: 55/127 MP: 25/25
 32132 | D:13     | Reached skill level 15 in Fighting
 32362 | D:13     | Reached skill level 19 in Polearms
 32731 | D:13     | You fall into a shaft and drop 2 floors!
 32731 | D:15     | Entered Level 15 of the Dungeon
 33067 | D:15     | Noticed Josephine
 33080 | D:15     | Killed Josephine
 33322 | D:15     | Found a bloodstained altar of Trog.
 33409 | D:15     | Noticed Rupert
 33439 | D:15     | Paralysed by Rupert for 7 turns
 33450 | D:15     | Paralysed by Rupert for 7 turns
 33905 | D:15     | Reached skill level 15 in Invocations
 34068 | D:15     | Killed Rupert
 34390 | D:15     | Found a staircase to the Depths.
 34390 | D:15     | Noticed a frost giant
 34404 | D:15     | Killed a frost giant
 34649 | D:15     | Found a runed translucent door.
 34649 | D:15     | Noticed a tengu reaver
 34775 | D:14     | Found a gate leading to a gauntlet.
 34813 | Gauntlet | Entered a Gauntlet
 34813 | Gauntlet | Found a transporter.
 34813 | Gauntlet | Found a transporter.
 34989 | Gauntlet | Found a transporter.
 35007 | Gauntlet | Found a transporter.
 35007 | Gauntlet | Found a transporter.
 35007 | Gauntlet | Found a transporter.
 35009 | Gauntlet | Found a transporter.
 35009 | Gauntlet | Found a transporter.
 35023 | Gauntlet | Found a transporter.
 35035 | Gauntlet | Found a runed translucent gate.
 35036 | Gauntlet | Found a transporter.
 35036 | Gauntlet | Found a runed translucent gate.
 35037 | Gauntlet | Found a runed translucent gate.
 35046 | Gauntlet | Found a transporter.
 35060 | Gauntlet | Found a transporter.
 35094 | Gauntlet | Found a transporter.
 35106 | Gauntlet | Found a transporter.
 35351 | Gauntlet | Got a fine ivory ring
 35361 | Gauntlet | Identified the cursed ring of Liunlel {MP+9 Str+4 Dex-4}
                  | (You found it in a Gauntlet)
 35722 | D:15     | Reached skill level 20 in Polearms
 35919 | D:15     | Acquired the +2 shield of Resistance {rF++ rC++ MR++}
 35920 | D:15     | Found the +2 shield of Resistance {rF++ rC++ MR++}
 36153 | D:15     | Killed a tengu reaver
 36198 | D:15     | Identified the +3 scale mail "Raevemamm" {rPois Str+4 Int-3
                  | Slay+3} (You found it on level 15 of the Dungeon)
 36545 | D:14     | Reached XP level 16. HP: 138/138 MP: 27/27
 36594 | D:14     | Reached skill level 1 in Armour
 36724 | D:14     | Found a gate to the Vaults.
 36778 | D:14     | You fall into a shaft and drop 1 floor!
 37605 | Orc:1    | Entered Level 1 of the Orcish Mines
 37620 | Orc:1    | Noticed Snorg
 37638 | Orc:1    | Killed Snorg
 37860 | Orc:2    | Entered Level 2 of the Orcish Mines
 37869 | Orc:2    | Found Maigha's Distillery.
 38044 | Orc:2    | Found a staircase to the Elven Halls.
 38071 | Orc:2    | Found Izixekhos's Assorted Antiques.
 38088 | Orc:2    | Bought a scroll of identify for 58 gold pieces
 38088 | Orc:2    | Bought a potion of curing for 87 gold pieces
 38088 | Orc:2    | Bought a wand of acid (8) for 232 gold pieces
 38669 | Orc:2    | Found Eclyt's Armour Shoppe.
 38669 | Orc:2    | Found Cycyir's General Store.
 38675 | Orc:2    | Found Acsoipsi's General Store.
 38675 | Orc:2    | Found Cynkos's Jewellery Emporium.
 38700 | Orc:2    | Bought a cursed amulet of inaccuracy for 28 gold pieces
 38702 | Orc:2    | Bought a scroll of blinking for 75 gold pieces
 38702 | Orc:2    | Bought a scroll of teleportation for 30 gold pieces
 38726 | Orc:2    | Bought a scroll of identify for 32 gold pieces
 38798 | Orc:2    | Found Biom's Armour Emporium.
 38807 | Orc:2    | Bought the +3 pair of gloves of the Grue {rC+} for 402 gold
                  | pieces
 39199 | Orc:1    | Noticed Fannar
 39220 | Orc:1    | Killed Fannar
 39290 | Orc:1    | Found Byr Ogal's Magic Scroll Shoppe.
 39298 | Orc:1    | Bought a scroll of remove curse for 33 gold pieces
 39298 | Orc:1    | Bought a scroll of teleportation for 33 gold pieces
 39298 | Orc:1    | Bought a scroll of teleportation for 33 gold pieces
 39298 | Orc:1    | Bought a scroll of teleportation for 33 gold pieces
 39298 | Orc:1    | Bought a scroll of fear for 38 gold pieces
 39298 | Orc:1    | Bought a scroll of identify for 22 gold pieces
 39298 | Orc:1    | Bought a scroll of amnesia for 38 gold pieces
 39728 | Elf:1    | Entered Level 1 of the Elven Halls
 39740 | Elf:1    | Reached skill level 15 in Dodging
 39881 | Elf:1    | Found Fyotzacs's Assorted Antiques.
 39885 | Elf:1    | Found Ekedudyz's Jewellery Shoppe.
 39998 | Elf:1    | Reached XP level 17. HP: 147/147 MP: 29/29
 40007 | Elf:1    | Noticed Kirke
 40009 | Elf:1    | Bought a pitted lead amulet for 170 gold pieces
 40027 | Elf:1    | Killed Kirke
 40027 | Elf:1    | Reached skill level 5 in Shields
 40032 | Elf:1    | Identified the amulet "Wiepnoet" {Faith MR+ Int-3 Dex+3
                  | Slay+5} (You bought it in a shop on level 1 of the Elven
                  | Halls)
 40058 | Elf:1    | Bought a cursed ring of teleportation for 63 gold pieces
 40079 | Elf:1    | Reached skill level 21 in Polearms
 40180 | Elf:1    | Noticed Jorgrun
 40208 | Elf:1    | Killed Jorgrun
 40401 | Elf:1    | Found Gugguz's Armour Boutique.
 41171 | Elf:1    | Noticed Agnes
 41192 | Elf:1    | Killed Agnes
 41298 | Elf:1    | Found Cirucuce's General Store.
 41306 | Elf:1    | Bought a potion of heal wounds for 70 gold pieces
 41306 | Elf:1    | Bought a potion of heal wounds for 70 gold pieces
 41306 | Elf:1    | Bought a potion of curing for 42 gold pieces
 41306 | Elf:1    | Bought a potion of haste for 140 gold pieces
 42504 | Elf:2    | Identified Vehumet's Grimoire of Confrontation
 42930 | Elf:2    | Found a huge runed translucent gate.
 42930 | Elf:2    | Found a huge runed translucent gate.
 42932 | Elf:2    | Found a huge runed translucent gate.
 42941 | Elf:2    | Found a huge runed translucent gate.
 42943 | Elf:2    | Found a huge runed translucent gate.
 43046 | Elf:3    | Entered Level 3 of the Elven Halls
 43237 | Elf:3    | Noticed Donald
 43243 | Elf:3    | Reached XP level 18. HP: 156/156 MP: 30/30
 43257 | Elf:3    | Killed Donald
 43865 | Elf:3    | Noticed a deep elf master archer
 44165 | Elf:3    | Killed a deep elf master archer
 44165 | Elf:3    | Reached skill level 15 in Throwing
 44257 | Elf:3    | Reached skill level 22 in Polearms
 44817 | Elf:3    | Found a portal to a secret trove of treasure.
 45180 | Elf:3    | Identified the +5 scimitar "Joimez" {pain, rPois rC- MR++
                  | Dex-5}
 45239 | Elf:3    | Identified the ring "Vobinim" {rC++ Slay+3 Stlth-}
 45298 | Elf:3    | Identified the +12 hand axe of Misery {vamp, +Inv Int+6
                  | Dex-5}
 45298 | Elf:3    | Identified the +6 ice dragon scales "Keoliad" {Harm rPois
                  | rF- rC++ Regen+ Str+6}
 45302 | Elf:3    | Noticed a deep elf master archer
 46228 | Elf:3    | Killed a deep elf master archer
 46354 | Elf:3    | Identified the +1 leather armour "Daurutao" {rN+}
 46381 | Elf:3    | Reached XP level 19. HP: 160/163 MP: 25/31
 46420 | Elf:3    | Identified the +11 hunting sling of the Desert {speed,
                  | Dex+4 Stlth+} (You found it on level 3 of the Elven Halls)
 46909 | Snake:1  | Entered Level 1 of the Snake Pit
 48717 | Snake:2  | Identified the +6 spear "Foconnem" {flame, rElec Str-2
                  | Int+2 Dex+6}
 49285 | Snake:2  | Found a runed translucent gate.
 49285 | Snake:2  | Found a runed translucent gate.
 49285 | Snake:2  | Found a runed translucent gate.
 49286 | Snake:2  | Noticed ohados's ghost (adept HOFi)
 49286 | Snake:2  | Noticed Pyrtan's ghost (veteran GrEE)
 50298 | Snake:2  | Killed ohados's ghost
 50337 | Snake:2  | Killed Pyrtan's ghost
 50537 | Snake:2  | Got a smoking copper ring
 50538 | Snake:2  | Identified the ring "Raowotho" {*Tele +Inv rC+ Dex+4} (You
                  | found it on level 2 of the Snake Pit)
 50717 | Snake:3  | Noticed Aizul
 50744 | Snake:3  | Killed Aizul
 51109 | Snake:3  | Reached skill level 10 in Evocations
 51239 | Snake:3  | Acquired the +1 hat of Kazir {rPois Dex+4}
 51346 | Snake:3  | Reached skill level 1 in Ice Magic
 51835 | Snake:4  | Entered Level 4 of the Snake Pit
 51995 | Snake:4  | Reached XP level 20. HP: 172/172 MP: 33/33
 52612 | Snake:4  | Reached skill level 1 in Transmutations
 52758 | Snake:4  | Got a serpentine rune of Zot
 53068 | Swamp:1  | Entered Level 1 of the Swamp
 53163 | Swamp:1  | Reached skill level 5 in Ice Magic
 53650 | Swamp:2  | Identified the ring of Spring {+Fly rPois MP-9 Dex+8
                  | Stlth-} (You found it on level 2 of the Swamp)
 53735 | Swamp:2  | Reached skill level 23 in Polearms
 53863 | Swamp:2  | Noticed Nikola
 53880 | Swamp:2  | Killed Nikola
 53880 | Swamp:2  | Reached skill level 10 in Shields
 54001 | Swamp:2  | You fall into a shaft and drop 1 floor!
 54526 | Swamp:4  | Entered Level 4 of the Swamp
 54965 | Swamp:4  | Reached XP level 21. HP: 179/179 MP: 34/34
 55623 | Swamp:4  | Noticed the 27-headed Lernaean hydra
 55637 | Swamp:4  | Killed the 27-headed Lernaean hydra
 55652 | Swamp:4  | Got a decaying rune of Zot
 56089 | Lair:5   | Cast into level 2 of the Abyss (spriggan rider)
 56131 | Abyss:2  | Found a corrupted altar of Lugonu.
 56296 | Lair:5   | Escaped the Abyss
 56327 | Lair:5   | Killed Necrophagist's ghost
 56586 | D:6      | Killed Perttuleena's ghost
 56772 | Depths:1 | Entered Level 1 of the Depths
 56810 | Depths:1 | Found a broken altar of Ashenzari.
 56840 | Depths:1 | Reached skill level 5 in Transmutations
 56867 | Depths:1 | Found a one-way gate leading to the halls of Pandemonium.
 56946 | Depths:1 | Found a gateway to a ziggurat.
 56994 | Depths:1 | Reached skill level 10 in Ice Magic
 56994 | Depths:1 | Reached XP level 22. HP: 187/187 MP: 35/35
 57247 | Depths:1 | Found Niejouf's Gadget Shoppe.
 57247 | Depths:1 | Found Apnoupp's Jewellery Shop.
 57248 | Depths:1 | Found Kiavalai's Gadget Shoppe.
 57264 | Depths:1 | Bought the ring "Qiapiman" {Wiz *Contam rF+ Str+2 SInv} for
                  | 795 gold pieces
 58279 | Depths:1 | You fall into a shaft and drop 1 floor!
 58298 | Depths:2 | Noticed a juggernaut
 58318 | Depths:2 | Killed a juggernaut
 58366 | Depths:1 | Found a gateway to Hell.
 58441 | Depths:1 | Identified the +3 chain mail of the Hills {Rampage +Inv
                  | Str-5} (You found it on level 1 of the Depths)
 58762 | Depths:2 | Found a corrupted altar of Lugonu.
 58768 | Depths:2 | Identified the +0 leather armour "Waebeuhiest" {rElec
                  | Slay+5} (You found it on level 2 of the Depths)
 58781 | Depths:2 | Identified Lugonu's Handbook of Burning Conjuration
 58901 | Depths:2 | Noticed a juggernaut
 58916 | Depths:2 | Killed a juggernaut
 58916 | Depths:2 | Reached XP level 23. HP: 194/194 MP: 36/36
 60258 | Depths:3 | Found Joyzxai's Book Emporium.
 60391 | Depths:3 | Noticed a golden dragon
 60413 | Depths:3 | Killed a golden dragon
 62654 | Depths:4 | Reached XP level 24. HP: 202/202 MP: 36/36
 62841 | Depths:4 | Noticed a juggernaut
 62873 | Depths:4 | Killed a juggernaut
 63188 | Depths:4 | Reached skill level 24 in Polearms
 63330 | Depths:4 | Noticed a juggernaut
 63344 | Depths:4 | Killed a juggernaut
 63571 | Depths:5 | Entered Level 5 of the Depths
 63571 | Depths:5 | Noticed a juggernaut
 63595 | Depths:5 | Killed a juggernaut
 64276 | Depths:5 | Found a transporter.
 64466 | Depths:5 | Noticed a juggernaut
 64500 | Depths:5 | Killed a juggernaut
 64794 | Depths:5 | Found a gate to the Realm of Zot.
 65040 | Depths:5 | Identified the +1 great sword "Emomelaj" {distort, Fragile
                  | Str+7 Int+4}
 65052 | Depths:5 | Noticed tensugalgo's ghost (veteran VSFi)
 65071 | Depths:5 | Found a transporter.
 65233 | Depths:5 | Reached XP level 25. HP: 98/210 MP: 37/37
 65727 | Depths:5 | Learned a level 4 spell: Ice Form
 65730 | Depths:5 | Learned a level 2 spell: Passwall
 65733 | Depths:5 | Learned a level 2 spell: Swiftness
 65858 | Vaults:1 | Entered Level 1 of the Vaults
 66136 | Vaults:1 | Found Bore's General Store.
 66144 | Vaults:1 | Bought a scroll of enchant weapon for 127 gold pieces
 66144 | Vaults:1 | Bought a scroll of remove curse for 51 gold pieces
 66144 | Vaults:1 | Bought a potion of might for 68 gold pieces
 66144 | Vaults:1 | Bought a scroll of identify for 34 gold pieces
 66144 | Vaults:1 | Bought a scroll of identify for 34 gold pieces
 66144 | Vaults:1 | Bought a scroll of fear for 59 gold pieces
 66144 | Vaults:1 | Bought a scroll of identify for 34 gold pieces
 66244 | Vaults:1 | Reached skill level 10 in Transmutations
 66544 | Vaults:1 | Reached skill level 1 in Air Magic
 66557 | Vaults:1 | Reached skill level 1 in Earth Magic
 67783 | Vaults:2 | Found a huge runed gate.
 67783 | Vaults:2 | Found a huge runed gate.
 67783 | Vaults:2 | Found a huge runed gate.
 67783 | Vaults:2 | Found a huge runed gate.
 67789 | Vaults:2 | Found a huge runed gate.
 67790 | Vaults:2 | Found a huge runed gate.
 67791 | Vaults:2 | Found a huge runed gate.
 67791 | Vaults:2 | Found a huge runed gate.
 67793 | Vaults:2 | Found a huge runed gate.
 67793 | Vaults:2 | Found a huge runed gate.
 67797 | Vaults:2 | Found a huge runed gate.
 67798 | Vaults:2 | Found a huge runed gate.
 67799 | Vaults:2 | Found a huge runed gate.
 67800 | Vaults:2 | Found a huge runed gate.
 67801 | Vaults:2 | Found a huge runed gate.
 67809 | Vaults:2 | Found a huge runed gate.
 67809 | Vaults:2 | Found a huge runed gate.
 67809 | Vaults:2 | Found a huge runed gate.
 67809 | Vaults:2 | Found a huge runed gate.
 67809 | Vaults:2 | Found a huge runed gate.
 67809 | Vaults:2 | Found a huge runed gate.
 67809 | Vaults:2 | Found a huge runed gate.
 67810 | Vaults:2 | Found a huge runed gate.
 67811 | Vaults:2 | Found a huge runed gate.
 67819 | Vaults:2 | Found a huge runed gate.
 67819 | Vaults:2 | Found a huge runed gate.
 67819 | Vaults:2 | Found a huge runed gate.
 67819 | Vaults:2 | Found a huge runed gate.
 67819 | Vaults:2 | Found a huge runed gate.
 67819 | Vaults:2 | Found a huge runed gate.
 67819 | Vaults:2 | Found a huge runed gate.
 67820 | Vaults:2 | Found a huge runed gate.
 67821 | Vaults:2 | Found a huge runed gate.
 67829 | Vaults:2 | Found a huge runed gate.
 67829 | Vaults:2 | Found a huge runed gate.
 67829 | Vaults:2 | Found a huge runed gate.
 67879 | Vaults:2 | Found a staircase to the Crypt.
 67879 | Vaults:2 | Found an ancient bone altar of Kikubaaqudgha.
 67880 | Vaults:2 | Found a basalt altar of Yredelemnul.
 69323 | Vaults:3 | Found Boffuhuz's Antique Armour Shoppe.
 70181 | Vaults:4 | Reached XP level 26. HP: 218/218 MP: 37/37
 70576 | Vaults:4 | Found a transporter.
 70588 | Vaults:4 | Found a transporter.
 71406 | Depths:4 | Reached skill level 15 in Shields
 71469 | Depths:5 | Noticed a juggernaut
 71493 | Depths:5 | Killed a juggernaut
 71824 | Elf:3    | You paid a toll of a +6 demon whip to enter a treasure
                  | trove
 71825 | Trove    | Entered a treasure trove
 71864 | Trove    | Got a serpentine glass ring
 71866 | Trove    | Got a crude graven amulet
 71868 | Trove    | Got a slimy wooden ring
 71932 | Trove    | Identified the amulet "Kimaharph" {RegenMP Stlth+} (You
                  | found it in a treasure trove)
 71937 | Elf:3    | Identified the ring of Egomania {Fire Int+4 Stlth+} (You
                  | found it in a treasure trove)
 71938 | Elf:3    | Identified the ring "Xazimpal" {+Fly SInv} (You found it in
                  | a treasure trove)
 72535 | Vaults:4 | Got a wavering lapis lazuli ring
 72536 | Vaults:4 | Identified the ring of Uskayaw's Envy {rElec MP+9 Int+8
                  | Slay+4 Stlth-} (You found it on level 4 of the Vaults)
 72664 | Vaults:5 | Entered Level 5 of the Vaults
 72817 | Vaults:5 | Noticed an ancient lich
 72906 | Vaults:5 | Noticed an ancient lich
 72927 | Vaults:5 | Killed an ancient lich
 72927 | Vaults:5 | Reached skill level 25 in Polearms
 73199 | Vaults:5 | Reached XP level 27. HP: 143/226 MP: 37/37
 73267 | Vaults:5 | Identified the +10 falchion of Gozag's Envy {vorpal, +Blink
                  | Str+3 Dex-3}
 73356 | Vaults:5 | Killed an ancient lich
 74003 | Vaults:5 | Identified the +7 great sword "Yrogub" {vorpal, Dex+5
                  | Stlth+}
 74318 | Vaults:5 | Acquired the +0 pair of fencer's gloves {Riposte Dex+3}
 74319 | Vaults:5 | Found the +0 pair of fencer's gloves {Riposte Dex+3}
 74479 | Vaults:5 | Got a silver rune of Zot
 74486 | Vaults:5 | Identified the Guide on Enthralling Venom
 74863 | Vaults:5 | Identified the Guide on Calling
 75016 | Vaults:5 | Identified the +3 troll leather armour of Woshummy {MR+
                  | Regen+} (You found it on level 5 of the Vaults)
 75445 | Hell     | Entered the Vestibule of Hell
 75445 | Hell     | Noticed Geryon
 75583 | Zot:1    | Entered Level 1 of the Realm of Zot
 76097 | Zot:1    | Noticed an orb of fire
 76203 | Depths:5 | Gained mutation: Scrolls take you a little longer to read.
                  | [an orb of fire]
 76269 | Depths:5 | Gained mutation: You are partially covered in yellow
                  | scales. (AC +2) [an orb of fire]
 76271 | Depths:4 | Lost mutation: You are partially covered in yellow scales.
                  | (AC +2) [potion of mutation]
 76271 | Depths:4 | Lost mutation: Scrolls take you a little longer to read.
                  | [potion of mutation]
 76271 | Depths:4 | Gained mutation: You tend to lose your temper in combat.
                  | [potion of mutation]
 76271 | Depths:4 | Gained mutation: Your muscles are strong. (Str +2) [potion
                  | of mutation]
 76272 | Depths:4 | Lost mutation: Your muscles are strong. (Str +2) [potion of
                  | mutation]
 76272 | Depths:4 | Gained mutation: Your spells are a little harder to cast,
                  | but a little more powerful. [potion of mutation]
 76272 | Depths:4 | Gained mutation: You have a pair of small antennae on your
                  | head. [potion of mutation]
 76273 | Depths:4 | Lost mutation: Your spells are a little harder to cast, but
                  | a little more powerful. [potion of mutation]
 76273 | Depths:4 | Lost mutation: You have a pair of small antennae on your
                  | head. [potion of mutation]
 76273 | Depths:4 | Lost mutation: You tend to lose your temper in combat.
                  | [potion of mutation]
 76273 | Depths:4 | Gained mutation: You have a pair of small horns on your
                  | head. [potion of mutation]
 76273 | Depths:4 | Gained mutation: Your spells are a little harder to cast,
                  | but a little more powerful. [potion of mutation]
 76402 | Depths:5 | Killed an orb of fire
 79215 | Zot:3    | Noticed an orb of fire
 79226 | Zot:3    | Gained mutation: Scrolls take you a little longer to read.
                  | [an orb of fire]
 79237 | Zot:3    | Killed an orb of fire
 79424 | Zot:3    | Reached skill level 26 in Polearms
 80324 | Zot:4    | Reached skill level 15 in Evocations
 81451 | Zot:5    | Entered Level 5 of the Realm of Zot
 82511 | Zot:5    | Gained mutation: You are frail. (-10% HP) [mutagenic glow]
 82527 | Zot:5    | Gained mutation: Armour fits poorly on your strangely
                  | shaped body. [mutagenic glow]
 82750 | D:15     | Lost mutation: Armour fits poorly on your strangely shaped
                  | body. [potion of mutation]
 82750 | D:15     | Lost mutation: You are frail. (-10% HP) [potion of
                  | mutation]
 82750 | D:15     | Lost mutation: Scrolls take you a little longer to read.
                  | [potion of mutation]
 82750 | D:15     | Gained mutation: You are weak. (Str -2) [potion of
                  | mutation]
 82750 | D:15     | Gained mutation: You passively map a small area around you.
                  | [potion of mutation]
 83344 | Zot:5    | Noticed an orb of fire
 83364 | Zot:5    | Noticed an orb of fire
 83377 | Zot:5    | Gained mutation: You tend to lose your temper in combat.
                  | [an orb of fire]
 83378 | Zot:5    | Killed an orb of fire
 83378 | Zot:5    | Gained mutation: Armour fits poorly on your strangely
                  | shaped body. [an orb of fire]
 83380 | Zot:5    | Gained mutation: You are robust. (+10% HP) [an orb of fire]
 83397 | Zot:5    | Killed an orb of fire
 83425 | Zot:5    | Noticed an orb of fire
 83426 | Zot:5    | Gained mutation: Your body sometimes deteriorates upon
                  | taking damage. [an orb of fire]
 83431 | Zot:5    | Killed an orb of fire
 83724 | Zot:5    | Identified the +5 ring mail "Gyxuz" {rPois rF+ Int+3
                  | Stlth+} (You found it on level 5 of the Realm of Zot)
 83733 | Zot:5    | Noticed an orb of fire
 83740 | Zot:5    | Gained mutation: Your magical capacity is low. (-10% MP)
                  | [an orb of fire]
 83747 | Zot:5    | Killed an orb of fire
 83936 | Zot:5    | Noticed an orb of fire
 83936 | Zot:5    | Noticed an orb of fire
 83942 | Zot:5    | Noticed an orb of fire
 83943 | Zot:5    | Killed an orb of fire
 83944 | Zot:5    | Noticed an ancient lich
 83948 | Zot:5    | Killed an orb of fire
 83954 | Zot:5    | Killed an orb of fire
 83954 | Zot:5    | Paralysed by an ancient lich for 2 turns
 83958 | Zot:5    | Killed an ancient lich
 83960 | Zot:5    | Noticed an orb of fire
 83964 | Zot:5    | Noticed an orb of fire
 83967 | Zot:5    | Killed an orb of fire
 83968 | Zot:5    | Noticed an ancient lich
 83974 | Zot:5    | Killed an ancient lich
 84428 | Zot:5    | Reached skill level 27 in Polearms
 84866 | D:15     | Lost mutation: Your magical capacity is low. (-10% MP)
                  | [potion of mutation]
 84866 | D:15     | Lost mutation: Armour fits poorly on your strangely shaped
                  | body. [potion of mutation]
 84866 | D:15     | Lost mutation: You tend to lose your temper in combat.
                  | [potion of mutation]
 84866 | D:15     | Lost mutation: Your body sometimes deteriorates upon taking
                  | damage. [potion of mutation]
 84866 | D:15     | Gained mutation: You possess an exceptional clarity of
                  | mind. [potion of mutation]
 84866 | D:15     | Gained mutation: You passively map the area around you.
                  | [potion of mutation]
 84866 | D:15     | Gained mutation: Your system is resistant to poisons.
                  | (rPois) [potion of mutation]
 84866 | D:15     | Gained mutation: Your movements are slightly less
                  | encumbered by armour. (ER -2) [potion of mutation]
 85121 | Hell     | Lost mutation: Your spells are a little harder to cast, but
                  | a little more powerful. [a cacodemon]
 85769 | Hell     | Banished Geryon
 85834 | Hell     | Found a gateway to the freezing wastes of Cocytus.
 86234 | Hell     | Found a gateway to the ashen valley of Gehenna.
 86297 | Hell     | Found a gateway to the decaying netherworld of Tartarus.
 86417 | Hell     | Found a gateway to the Iron City of Dis.
 86673 | Crypt:1  | Entered Level 1 of the Crypt
 86915 | Crypt:1  | Identified the ring of Foid {rF+ Str+3} (You found it on
                  | level 1 of the Crypt)
 86934 | Crypt:1  | Identified the cursed +1 spear of Intimidation {vorpal,
                  | rElec MR+ Str-2 Int+7} (You found it on level 1 of the
                  | Crypt)
 88272 | Crypt:3  | Entered Level 3 of the Crypt
 88388 | Crypt:3  | Got a slimy granite ring
 88479 | Crypt:3  | Noticed Frederick
 88480 | Crypt:3  | Identified the ring "Qerusus" {rPois Str+2 Dex+2} (You
                  | found it on level 3 of the Crypt)
 88486 | Crypt:3  | Killed Frederick
 88565 | Crypt:3  | Identified Sif Muna's Compendium of Ignition and the
                  | Mountains
 88653 | Crypt:3  | Found a basalt altar of Yredelemnul.
 88829 | Crypt:3  | Found the +7 great mace "Undeadhunter" {disrupt, rN+}
 88923 | Crypt:3  | Identified the ring of the Endless Expanse {rN+ rCorr
                  | Dex+5} (You found it on level 3 of the Crypt)
 88932 | Crypt:3  | Identified the +8 spear "ANON1729's Foe" {venom, rC+ Int+4}
                  | (You found it on level 3 of the Crypt)
 88954 | Crypt:3  | Identified the cursed +0 shortbow of the Past {venom, rC+
                  | rN+} (You found it on level 3 of the Crypt)
 89773 | Crypt:3  | Found the +4 skin of Zhor {Englaciate rC+++ SInv}
 90122 | Crypt:3  | Noticed Jory
 90146 | Crypt:3  | Killed Jory
 90327 | Crypt:3  | Found a staircase to the Tomb.
 90335 | Crypt:3  | Reached skill level 15 in Transmutations
 91120 | Slime:1  | Entered Level 1 of the Pits of Slime
 91121 | Slime:1  | Cast into level 5 of the Abyss (unwielding a weapon of
                  | distortion)
 91121 | Abyss:5  | Entered Level 5 of the Abyss
 91296 | Abyss:5  | Paralysed by accursed screaming for 1 turns
 91350 | Abyss:5  | Paralysed by you for 7 turns
 91581 | Abyss:5  | Paralysed by accursed screaming for 1 turns
 91593 | Abyss:5  | Paralysed by accursed screaming for 1 turns
 91671 | Slime:1  | Escaped the Abyss
 92294 | Slime:3  | Lost mutation: Your system is resistant to poisons. (rPois)
                  | [a shining eye]
 92330 | Slime:4  | Found a viscous altar of Jiyva.
 92366 | Slime:5  | Entered Level 5 of the Pits of Slime
 92523 | Slime:5  | Noticed the Royal Jelly
 92821 | Slime:5  | Noticed Dissolution
 92831 | Slime:5  | Paralysed by a floating eye for 2 turns
 92908 | Slime:5  | Paralysed by a floating eye for 3 turns
 92909 | Slime:5  | Gained mutation: You are clumsy. (Dex -2) [a shining eye]
 92916 | Slime:4  | Killed Dissolution
 93409 | Slime:5  | Found a viscous altar of Jiyva.
 93431 | Slime:5  | Found the ring of Robustness {AC+8}
 93550 | Slime:5  | Got a slimy rune of Zot
 93562 | Slime:5  | Identified the Collected Works on the Lethal Mountains
 93630 | Slime:5  | Identified the Disquisition on the Excruciating Mountains
 93661 | Slime:5  | Acquired the ring of Abloz {+Blink rPois rF+ rC+ Stlth+}
 93940 | Depths:1 | Gained mutation: You are partially covered in icy blue
                  | scales. (AC +2) [mutagenic glow]
 93955 | Depths:1 | Gained mutation: Your body sometimes deteriorates upon
                  | taking damage. [mutagenic glow]
 94042 | Depths:1 | Learned a level 8 spell: Necromutation
 94845 | Zig:1    | Entered Level 1 of a ziggurat
 94870 | Zig:2    | Entered Level 2 of a ziggurat
 94898 | Zig:3    | Entered Level 3 of a ziggurat
 94926 | Zig:4    | Entered Level 4 of a ziggurat
 94974 | Zig:5    | Entered Level 5 of a ziggurat
 95019 | Zig:5    | Gained mutation: You passively map a large area around you.
                  | [mutagenic glow]
 95022 | Zig:5    | Identified the ring "Seajuy" {rPois rN+} (You found it on
                  | level 5 of a ziggurat)
 95036 | Zig:5    | Identified the +6 war axe "Titishra" {vorpal, rF+ rC++
                  | Dex-4 Stlth+} (You found it on level 5 of a ziggurat)
 95041 | Zig:6    | Entered Level 6 of a ziggurat
 95047 | Zig:6    | Reached skill level 1 in Necromancy
 95086 | Zig:6    | Identified the Disquisition on Translocation and the Birds
 95101 | Zig:7    | Entered Level 7 of a ziggurat
 95519 | Zig:7    | Acquired 882 gold pieces
 95523 | Zig:7    | Acquired a manual of Stealth
 95527 | Zig:7    | Acquired a manual of Ice Magic
 95546 | Zig:8    | Entered Level 8 of a ziggurat
 95553 | Zig:8    | Found the +2 hood of the Assassin {Detection Stab+ Stlth++}
 95571 | Zig:8    | Reached skill level 1 in Stealth
 95606 | Zig:8    | Identified the Guide on Dusty Lightness
 95620 | Zig:9    | Entered Level 9 of a ziggurat
 95646 | Zig:9    | Reached skill level 5 in Armour
 95673 | Zig:9    | Identified the Volume of Ensnaring Damage Dealing
 95724 | Zig:10   | Entered Level 10 of a ziggurat
 95745 | Zig:10   | Noticed a greater mummy
 95778 | Zig:11   | Entered Level 11 of a ziggurat
 96243 | Zig:11   | Paralysed by accursed screaming for 2 turns
 96253 | Zig:11   | Paralysed by accursed screaming for 1 turns
 96291 | Zig:11   | Identified the cursed +2 hand crossbow of the Iron City of
                  | Dis {flame, rN+ Int+2} (You found it on level 11 of a
                  | ziggurat)
 96698 | Zig:12   | Entered Level 12 of a ziggurat
 96723 | Zig:12   | Reached skill level 10 in Stealth
 96731 | Zig:12   | Paralysed by a sphinx for 3 turns
 96819 | Zig:12   | Identified the cursed ring "Jiurro" {rC+ rN++ Str-4 Int+4
                  | SInv} (You found it on level 12 of a ziggurat)
 96848 | Zig:13   | Entered Level 13 of a ziggurat
 96893 | Zig:13   | Reached skill level 15 in Ice Magic
 97251 | Zig:13   | Learned a level 3 spell: Ignite Poison
 97252 | Zig:14   | Entered Level 14 of a ziggurat
 97276 | Zig:14   | Noticed a juggernaut
 97295 | Zig:14   | Gained mutation: You do not regenerate when monsters are
                  | visible. [a neqoxec]
 97296 | Zig:14   | Killed a juggernaut
 97296 | Zig:14   | Noticed a juggernaut
 97301 | Zig:14   | Noticed a juggernaut
 97312 | Zig:14   | Killed a juggernaut
 97323 | Zig:14   | Killed a juggernaut
 97425 | Zig:14   | Found the +0 sword of Power
 97431 | Zig:14   | Identified the Volume of Companions and Sinister Rituals
 97456 | Zig:14   | Identified the +0 helmet of Beogh {rN++ MP+9} (You found it
                  | on level 14 of a ziggurat)
 97474 | Zig:15   | Entered Level 15 of a ziggurat
 97677 | Zig:16   | Entered Level 16 of a ziggurat
 97758 | Zig:16   | Found the brooch of Shielding {Spirit SH+8}
 97760 | Zig:16   | Reached skill level 15 in Stealth
 97776 | Zig:16   | Lost mutation: You are robust. (+10% HP) [potion of
                  | mutation]
 97776 | Zig:16   | Lost mutation: You have a pair of small horns on your head.
                  | [potion of mutation]
 97776 | Zig:16   | Lost mutation: You are clumsy. (Dex -2) [potion of
                  | mutation]
 97776 | Zig:16   | Lost mutation: Your body sometimes deteriorates upon taking
                  | damage. [potion of mutation]
 97776 | Zig:16   | Gained mutation: Your spells are a little harder to cast,
                  | but a little more powerful. [potion of mutation]
 97780 | Zig:16   | Got a transparent glass ring
 97790 | Zig:16   | Identified the +3 scale mail "Olerican" {Rampage} (You
                  | found it on level 16 of a ziggurat)
 97791 | Zig:16   | Identified the ring of Ofuen {rCorr Int+2 Dex+3} (You found
                  | it on level 16 of a ziggurat)
 97816 | Zig:16   | Identified the cursed +1 scale mail of Fozxiam {Stlth+}
                  | (You found it on level 16 of a ziggurat)
 98087 | Zig:17   | Entered Level 17 of a ziggurat
 98255 | Zig:17   | Identified the ring of Refaunin {Fire Str+5} (You found it
                  | on level 17 of a ziggurat)
 98264 | Zig:17   | Identified the Papyrus of Poisoning and Shape Shifting
 98306 | Zig:18   | Entered Level 18 of a ziggurat
 98334 | Zig:18   | Learned a level 4 spell: Passage of Golubria
 98362 | Zig:18   | Noticed Kifuxt the pandemonium lord
 98368 | Zig:18   | Killed Kifuxt the pandemonium lord
 98380 | Zig:18   | Lost mutation: You possess an exceptional clarity of mind.
                  | [mutagenic glow]
 98429 | Zig:18   | Found the +12 glaive of Prune {vorpal}
 98437 | Zig:18   | Identified the Disquisition on the Frostbite and
                  | Conjuration
 98477 | Zig:18   | Identified the +2 plate armour of Gomi {-Tele rF- rC+++
                  | rN+} (You found it on level 18 of a ziggurat)
 98811 | Zig:19   | Entered Level 19 of a ziggurat
 98820 | Zig:19   | Noticed Juach the pandemonium lord
 98840 | Zig:19   | Killed Juach the pandemonium lord
 98841 | Zig:19   | Noticed Kugumekh the pandemonium lord
 98865 | Zig:19   | Noticed Zequana the pandemonium lord
 98866 | Zig:19   | Noticed Azuvaps the pandemonium lord
 98874 | Zig:19   | Killed Zequana the pandemonium lord
 98886 | Zig:19   | Killed Azuvaps the pandemonium lord
 98893 | Zig:19   | Noticed Heri the pandemonium lord
 98900 | Zig:19   | Killed Heri the pandemonium lord
 98900 | Zig:19   | Reached skill level 10 in Armour
 98913 | Zig:19   | Noticed Tiha the pandemonium lord
 98922 | Zig:19   | Killed Kugumekh the pandemonium lord
 98929 | Zig:19   | Lost mutation: Your spells are a little harder to cast, but
                  | a little more powerful. [mutagenic glow]
 98945 | Zig:19   | Killed Tiha the pandemonium lord
 98951 | Zig:19   | Noticed Ciymav the pandemonium lord
 98958 | Zig:19   | Paralysed by an oklob plant for 2 turns
 98963 | Zig:19   | Noticed Foggac the pandemonium lord
 98965 | Zig:19   | Killed Ciymav the pandemonium lord
 98968 | Zig:19   | Noticed Xuticzue the pandemonium lord
 98975 | Zig:19   | Killed Foggac the pandemonium lord
 98980 | Zig:19   | Killed Xuticzue the pandemonium lord
 98980 | Zig:19   | Reached skill level 10 in Necromancy
 98996 | Zig:19   | Lost mutation: You passively map a large area around you.
                  | [mutagenic glow]
 99281 | Zig:19   | Identified Wauxacriedgh's Grimoire of Doomed Changing
 99361 | Zig:19   | Identified the +2 scale mail of Evolution {rC+ rN++} (You
                  | found it on level 19 of a ziggurat)
 99372 | Zig:19   | Identified the +2 hand axe of Zantyoss {vorpal, rPois
                  | Dex+4} (You found it on level 19 of a ziggurat)
 99386 | Zig:20   | Entered Level 20 of a ziggurat
 99404 | Zig:20   | Noticed a juggernaut
 99404 | Zig:20   | Noticed a juggernaut
 99452 | Zig:20   | Killed a juggernaut
 99462 | Zig:20   | Killed a juggernaut
 99484 | Zig:20   | Noticed a juggernaut
 99487 | Zig:20   | Killed by an exploding ballistomycete spore

Illustrated notes

Levels and vault maps discovered:
D:1:      dpeg_arrival_arbitrary_c, layout_basic,
          chequers_serial_rivers_small_3, roderic_lattice_a,
          chequers_serial_rivers_large_b, chequers_serial_rivers_micro_c
D:2:      layout_basic, overflow_temple_1_default,
          gammafunk_temple_overflow_elements
D:3:      layout_basic, minmay_misc_feat_chi
D:4:      layout_cave_pools, grunt_temple_overflow_gold_and_silver,
          lemuel_crystal_altar, temple_green, minmay_ogre_servants
D:5:      layout_basic, kennysheep_little_box, elyvilon_altar_1, serial_shops,
          shop
D:6:      layout_cave_pools, lemuel_coloured_pillars_altar,
          gammafunk_ghost_split, uniq_crazy_yiuf_cottage, uniq_pikel
D:7:      layout_basic, dk_noncrumbling_2
D:8:      layout_basic
D:9:      layout_stronghold, chequers_mini_garden,
          nicolae_gozag_cash_rules_everything_around_me, uniq_maggie,
          uniq_maurice, uniq_harold
D:10:     layout_cross, erik_lair_island, serial_gnoll_camp,
          gnoll_camp_medium_02, gnoll_camp_huts_moat, gnoll_camp_mini_shop,
          gnoll_camp_mini_hut, gnoll_camp_mini_shop, st_stairs_5, uniq_erica
D:11:     minmay_coctagon, layout_layer_cave, uniq_erolcha, uniq_urug
D:12:     layout_roguey, kennysheep_orc_monster_closet_entryway,
          grunt_ministairs_9
D:13:     layout_basic, kennysheep_boxes
D:14:     layout_loops_ring, skrybe_vaults_entry_preservation,
          nrook_mini_backslash, gauntlet_entry_generic
D:15:     grunt_enter_depths_snipers, layout_stronghold, basic_altar,
          minmay_misc_feat_ornament, minmay_hidden_floor, uniq_rupert,
          uniq_josephine
Temple:   nicolae_temple_figure_eight
Lair:1:   layout_roguey
Lair:2:   layout_loops_ring
Lair:3:   layout_regular_city, minmay_swamp_entry_wisps,
          minmay_snake_entry_guardpost_small
Lair:4:   layout_cave_pods, uniq_nergalle
Lair:5:   layout_long_grid, minmay_slime_entry_pillars,
          gammafunk_ghost_abyssal_escape, beast_lair_carwin_6,
          minmay_lair_oklob_chamber, lemuel_fruit_tree
Lair:6:   evilmike_catoblepas_cave, layout_cellular_growth, grunt_megastairs_1,
          serial_bayou_shore_b
Swamp:1:  layout_basic_swamp, evilmike_swamp_ruin_house_5
Swamp:2:  layout_falls_marsh, hangedman_swamp_ruin_wall,
          infiniplex_staircase_pool_2, uniq_nikola
Swamp:3:  layout_basic_swamp, nicolae_swamp_trees_clearing
Swamp:4:  swamp_basic_johnstein, layout_basic_swamp
Snake:1:  layout_gridlike, nicolae_snake_linked_coils, serial_bayou_pond_d
Snake:2:  layout_layer_cave, gammafunk_ghost_cemetery, serial_bayou_shore_a
Snake:3:  layout_misc_corridors, uniq_aizul
Snake:4:  snake_pit, layout_grid_maze, serial_bayou_shore_b
Slime:1:  layout_caves, cheibrodos_slime_lost_civilization_6
Slime:2:  cheibrodos_slime_lost_civilization_3, layout_caves
Slime:3:  layout_caves
Slime:4:  layout_caves, basic_altar
Slime:5:  uniq_dissolution
Orc:1:    nicolae_orc_accident_3, layout_caves, serial_shops, shop,
          nicolae_orc_damp_corner, uniq_snorg, uniq_fannar
Orc:2:    st_orc_ogre_mass, layout_diamond_mine, serial_shops, shop,
          nicolae_shop_waterfront, shop_fountains, nicolae_orc_lava_tube,
          minmay_orc_keep
Elf:1:    eino_elf_arrival_shootout, layout_geoelf_octagon, serial_shops, shop,
          shop, shop, shop, minivault_28, corexii_leaking_fountain, uniq_kirke,
          uniq_agnes, uniq_jorgrun
Elf:2:    layout_geoelf_octagon, minmay_misc_feat_diagonals,
          hangedman_elven_pyramids, minmay_elf_annihilation
Elf:3:    minmay_elf_hall_x, layout_rooms, serial_sigils,
          serial_sigils_hangedman_carve, serial_sigils_hangedman_shear,
          serial_sigils_hangedman_clutch, serial_sigils_hangedman_gut,
          serial_sigils_hangedman_confine, serial_sigils_hangedman_etch,
          nicolae_trove_entry_crossroad, uniq_donald
Vaults:1: vaults_dpeg_cross, nicolae_vaults_asterisk, v_misc_4,
          nicolae_vaults_inception_statues, hangedman_vaults_impose,
          nicolae_vaults_network_barrier, vaults_dpeg_ring,
          layout_vaults_quadrants, serial_shops, shop_fountains
Vaults:2: vaults_not_door_vault_due, minmay_crypt_entry_necro_gods,
          nicolae_vaults_network_periphery, nicolae_vaults_network_square,
          v_misc_1, ontoclasm_vaults_spin, v_pattern_4,
          nicolae_vaults_mini_display_case, layout_vaults_big_room
Vaults:3: nicolae_vaults_little_squares_4, hangedman_vaults_nails,
          vaults_dpeg_encased_lava, ontoclasm_vaults_tryst,
          nicolae_vaults_network_quinsquares
          [nicolae_vaults_network_quincunx_subvault,
          nicolae_vaults_network_quincunx_subvault,
          nicolae_vaults_network_quincunx_subvault,
          nicolae_vaults_network_quincunx_subvault], v_misc_19,
          nicolae_vaults_circle_grid_a, hangedman_vaults_restitches,
          nicolae_vaults_stairing_the_circle, hangedman_vaults_nodes, v_misc_10,
          nicolae_vaults_little_squares_1, vaults_room_stairs_pillars,
          layout_vaults_omnicross, serial_shops, nicolae_shop_behind_doors,
          serial_hangedman_research
Vaults:4: v_alt_pattern_1, v_misc_9, v_alt_pattern_6,
          hangedman_vaults_corner_blocks, nicolae_vaults_three_branches,
          nicolae_vaults_big_ls, nicolae_vaults_ring_of_whatevers,
          gammafunk_sealed_arena, v_pattern_2, ontoclasm_vaults_eye,
          nicolae_vaults_angled_halls, ontoclasm_vaults_ligature,
          layout_vaults_maze_bifur
Vaults:5: serial_shops
Crypt:1:  layout_rooms, eino_tiny_chamber
Crypt:2:  layout_catacombs
Crypt:3:  evilmike_haunted_forest, uniq_jory, uniq_frederick
Depths:1: layout_roguey, enter_ziggurat_b, pan_entry, lightli_too_deep,
          hangedman_abyss_or_decor_passed, nicolae_ashenzari_panopticon,
          minmay_shop_grove
Depths:2: hangedman_cross_stitches, layout_basic, grunt_hell_entry_dis_grunt,
          rand_demon_pan_entry_5, tgw_lugonu_bribe
Depths:3: cross_vault, layout_small_grid, hell_entry, nrook_uturn, pan_entry,
          serial_shops, shop, chequers_serial_rivers_marsh, grunt_megastairs_2,
          infiniplex_staircase_door_maze, serial_bayou_shore_b
Depths:4: evilmike_diamond_2, layout_cave_shapes, hellmouth_3,
          serial_co_window_serial, co_window_paths_b, co_window_paths_a,
          co_window_corner_a, co_window_paths_a, co_window_of_opportunity_a,
          co_window_corner_a, co_window_of_opportunity_a, co_window_broadway_b,
          glass_columns_a, abyss_entry, firewood_loft
Depths:5: grunt_zot_entry_bicorn, layout_gridlike, serial_sigils_hangedman_scar,
          pf_coc_iceberg, gammafunk_ghost_abyssal_escape, minmay_crystal_room
Hell
Zot:1:    lemuel_firehouse, layout_onion_interference, zot_minivault_5
Zot:2:    layout_cathedral_of_symmetry, kennysheep_underground_church,
          grunt_megastairs_5
Zot:3:    layout_onion_interference, zot_minivault_4, grunt_megastairs_3
Zot:4:    layout_onion_interference
Zot:5:    layout_gridlike, grunt_ministairs_13
Zig:20

Skill      XL: |  1  2  3  4  5  6  7  8  9 10 11 12 13 14 15 16 17 18 19 20 21 22 23 24 25 26 27 |
---------------+----------------------------------------------------------------------------------+-----
Polearms       | 5 6 7 8 9 10 11 13 14 16 18 20 21 22 23 24 25 27 | 27.0
Fighting       | 3 4 5 6 7 8 10 11 13 14 16 17 18 19 20 22 | 22.9
Dodging        | 5 6 7 8 9 10 11 12 13 14 15 16 17 18 19 23 | 23.2
Throwing       | 3 5 7 9 11 13 14 15 16 17 21 | 21.0
Invocations    | 2 5 7 10 11 12 13 14 15 16 17 18 19 20 21 26 | 26.0
Evocations     | 3 5 6 7 8 9 10 11 12 13 18 | 18.1
Shields        | 1 3 4 6 7 8 10 11 12 13 14 15 20 | 20.9
Armour         | 2 3 4 11 | 11.6
Ice Magic      | 2 6 10 11 12 18 | 18.3
Transmutations | 3 5 6 8 9 11 12 18 | 18.1
Air Magic      | 3 |  3.0
Earth Magic    | 3 |  3.0
Necromancy     | 10 | 10.4
Stealth        | 18 | 18.4

Action                   |  1- 3 |  4- 6 |  7- 9 | 10-12 | 13-15 | 16-18 | 19-21 | 22-24 | 25-27 || total
-------------------------+-------+-------+-------+-------+-------+-------+-------+-------+-------++-------
Melee: Trident           |   100 |   282 |    11 |   245 |       |       |       |       |  1574 ||  2212
       Short sword       |       |       |   377 |   332 |       |       |       |       |       ||   709
       Spear             |       |       |       |   650 |  2346 |  1741 |  1874 |  2091 |  4578 || 13280
       Tailslap          |       |       |       |    13 |    10 |     7 |    38 |     1 |     1 ||    70
       Headbutt          |       |       |       |       |       |       |       |       |  1394 ||  1394
Throw: Dart              |       |     5 |       |     1 |       |     1 |       |       |       ||     7
       Throwing net      |       |       |       |     5 |       |     1 |       |       |    15 ||    21
       Stone             |       |       |       |     2 |       |       |       |       |       ||     2
       Javelin           |       |       |       |       |       |    21 |     3 |       |   244 ||   268
 Cast: Wereblood         |       |       |       |       |       |       |       |       |    29 ||    29
       Swiftness         |       |       |       |       |       |       |       |       |     1 ||     1
       Passwall          |       |       |       |       |       |       |       |       |     1 ||     1
Invok: Grow Ballistomyce |       |       |       |     4 |     6 |     2 |     3 |       |     6 ||    21
       Grow Oklob        |       |       |       |     1 |     8 |     6 |     8 |     1 |    42 ||    66
       Wall of Briars    |       |       |       |     1 |       |       |       |       |     2 ||     3
       Overgrow          |       |       |       |       |       |       |       |       |     3 ||     3
 Abil: Evoke Invisibilit |       |       |       |       |     2 |     4 |       |     1 |    22 ||    29
       Stop Flying       |       |       |       |       |       |       |       |     1 |       ||     1
       Evoke Flight      |       |       |       |       |       |       |       |       |     1 ||     1
Evoke: Wand              |       |     2 |     2 |    38 |    15 |    11 |     2 |     1 |    19 ||    90
       Phantom mirror    |       |       |       |       |       |       |     1 |       |       ||     1
       Tin of tremorston |       |       |       |       |       |       |       |       |     6 ||     6
       Condenser vane    |       |       |       |       |       |       |       |       |     2 ||     2
       Box of beasts     |       |       |       |       |       |       |       |       |     1 ||     1
  Use: Potion            |       |     1 |     1 |     1 |     9 |     1 |     2 |     1 |    44 ||    60
       Scroll            |       |       |       |    24 |    19 |     8 |    10 |     5 |    58 ||   124
 Stab: Sleeping          |       |       |     7 |     5 |       |       |       |       |       ||    12
       Distracted        |       |       |     1 |       |     7 |     1 |    12 |     3 |    30 ||    54
       Paralysed         |       |       |       |     6 |       |       |       |       |       ||     6
       Confused          |       |       |       |     1 |     5 |     1 |     1 |       |     2 ||    10
       Petrified         |       |       |       |       |     6 |       |       |       |       ||     6
       Invisible         |       |       |       |       |     3 |     8 |       |     3 |   122 ||   136
       Held in net/web   |       |       |       |       |       |       |       |       |     7 ||     7
       Petrifying        |       |       |       |       |       |       |       |       |     1 ||     1
Armor: Leather armour    |    15 |    69 |    64 |    32 |       |       |       |       |       ||   180
       Swamp dragon scal |       |       |       |   170 |   257 |       |       |       |       ||   427
       Scale mail        |       |       |       |       |     3 |   104 |   143 |   201 |   426 ||   877
Dodge: Dodged            |    63 |   211 |   354 |   853 |   843 |   318 |   464 |   648 |  2382 ||  6136
Block: Kite shield       |       |       |       |       |   579 |   745 |  1079 |  1252 |  4638 ||  8293
       Rpst.: Spear      |       |       |       |       |       |       |       |       |   155 ||   155
       Trident           |       |       |       |       |       |       |       |       |   100 ||   100

Table legend: (Time is in decaauts)
 A = Elapsed time spent in this place.
 B = Non-inter-level travel time spent in this place.
 C = Inter-level travel time spent in this place.
 D = Time resting spent in this place.
 E = Time spent auto-exploring this place.
 F = Levels seen in this place.
 G = Mean time per level.
                   A        B        C        D        E       F      G
               +--------+--------+--------+--------+--------+-----+--------+
         Total |  92303 |  84430 |   7873 |  23081 |  40132 |  84 | 1098.8 |
       Dungeon |  25846 |  23792 |   2054 |   7603 |  11172 |  15 | 1723.1 |
        Temple |    226 |    185 |     41 |      0 |    181 |   1 |  226.0 |
          Lair |  11275 |  10438 |    837 |   3404 |   4805 |   6 | 1879.2 |
         Swamp |   2428 |   2288 |    140 |    304 |   1376 |   4 |  607.0 |
     Snake Pit |   5591 |   5354 |    237 |   1088 |   3180 |   4 | 1397.8 |
    Slime Pits |   1545 |   1423 |    122 |    702 |    167 |   5 |  309.0 |
  Orcish Mines |   2275 |   2027 |    248 |    276 |   1212 |   2 | 1137.5 |
   Elven Halls |   6439 |   5933 |    506 |   2094 |   2092 |   3 | 2146.3 |
        Vaults |   7944 |   6648 |   1296 |    571 |   4136 |   5 | 1588.8 |
         Crypt |   4184 |   3674 |    510 |    700 |   2048 |   3 | 1394.7 |
        Depths |  10227 |   8999 |   1228 |   1699 |   5167 |   5 | 2045.4 |
          Hell |    712 |    700 |     12 |      0 |    440 |   1 |  712.0 |
           Zot |   7799 |   7163 |    636 |   2329 |   3212 |   5 | 1559.8 |
         Abyss |    602 |    602 |      0 |     13 |    228 |   3 |  200.7 |
      Ziggurat |   4263 |   4263 |      0 |   2120 |    346 |  20 |  213.1 |
         Trove |    107 |    107 |      0 |      0 |      0 |   1 |  107.0 |
      Gauntlet |    832 |    832 |      0 |    176 |    366 |   1 |  832.0 |
               +--------+--------+--------+--------+--------+-----+--------+

Top non-repeatable levels by time:
     D:7: 2924 daAuts
  Lair:6: 2892 daAuts
Depths:1: 2850 daAuts
     D:9: 2772 daAuts
    D:15: 2682 daAuts
     D:2: 2673 daAuts
  Lair:5: 2636 daAuts
Depths:5: 2632 daAuts
 Crypt:3: 2596 daAuts
    D:10: 2258 daAuts
   Elf:3: 2208 daAuts
   Elf:2: 2118 daAuts
   Elf:1: 2112 daAuts
   Zot:5: 2063 daAuts
Vaults:5: 2011 daAuts
